 Dungeon Crawl Stone Soup version 0.28-a0-1344-g6b9ff3a05d (webtiles) character file.

Game seed: 5334440615850332195

31 Deminshera the Bolt Thrower (level 3, -1/21 HPs)
             Began as a Kobold Hunter on Dec 29, 2021.
             Frozen to death by an endoplasm (2 damage)
             ... on level 2 of the Dungeon.
             The game lasted 00:01:27 (1572 turns).

Deminshera the Bolt Thrower (Kobold Hunter)         Turns: 1572, Time: 00:01:28

Health: -1/21      AC:  3    Str: 11    XL:     3   Next: 40%
Magic:  3/3        EV: 18    Int: 12    God:
Gold:   73         SH:  0    Dex: 15    Spells: 2/2 levels left

rFire   . . .      SeeInvis .   a - +1 hand crossbow
rCold   . . .      Faith    .   (no shield)
rNeg    . . .      Spirit   .   c - +0 leather armour
rPois   .          Reflect  .   (no helmet)
rElec   .          Harm     .   (no cloak)
rCorr   .          Rampage  .   (no gloves)
Will    .....                   (no boots)
Stlth   +++.......              h - amulet of regeneration
HPRegen 0.87/turn               i - +4 ring of evasion
MPRegen 0.08/turn               (no ring)

@: no status effects
A: small, no large weapons, nightstalker 3
a: no special abilities


You were on level 2 of the Dungeon.
You visited 1 branch of the dungeon, and saw 2 of its levels.

You collected 73 gold pieces.

Inventory:

Hand Weapons
 a - a +1 hand crossbow (weapon)
 b - a +0 short sword
Missiles
 d - 20 bolts (quivered ammo)
Armour
 c - a +0 leather armour (worn)
Jewellery
 h - an amulet of regeneration (around neck)
 i - a +4 ring of evasion (left hand)
Scrolls
 e - 2 scrolls of noise {unknown}
 j - 3 scrolls of identify {unknown}
 l - a scroll of enchant armour {unknown}
 m - a scroll of holy word {unknown}
Potions
 f - a potion of lignification {unknown}
 g - a potion of invisibility {unknown}
 k - a potion of degeneration {unknown}


   Skills:
 - Level 2.1 Fighting
 + Level 5.6 Crossbows
 - Level 2.4 Dodging
 - Level 3.0 Stealth


You had 2 spell levels left.
You didn't know any spells.
Your spell library was empty.

Dungeon Overview and Level Annotations

Branches:
Dungeon (2/15)

Altars:

Annotations:
D:2 Jessica


Innate Abilities, Weirdness & Mutations

You are small and have problems with some larger weapons.
You are completely attuned to the shadows.


Message History

You closely miss Jessica.
Jessica is severely wounded.
Jessica completely misses you. The endoplasm hits you.
Jessica very coldly says, "I hate your company."
Jessica hits you with a +0 club.
You hit Jessica.
Jessica is almost dead.
The endoplasm freezes you.
You are frozen.
Jessica hits you with a +0 club.
* * * LOW HITPOINT WARNING * * *
You are too injured to fight recklessly!
You are too injured to fight recklessly!
You are too injured to fight recklessly!
You are too injured to fight recklessly!
You are too injured to fight recklessly!
You are too injured to fight recklessly!
You are too injured to fight recklessly!
You are too injured to fight recklessly!
You are too injured to fight recklessly!
You are too injured to fight recklessly!
You are too injured to fight recklessly!
You are too injured to fight recklessly!
You are too injured to fight recklessly!
You are too injured to fight recklessly!
You are too injured to fight recklessly!
You are too injured to fight recklessly!
You are too injured to fight recklessly!
Unknown command.
You barely miss Jessica.
Jessica is almost dead.
Jessica barely misses you. The endoplasm freezes you.
You are frozen.
* * * LOW HITPOINT WARNING * * *
Jessica hits you with a +0 club.
* * * LOW HITPOINT WARNING * * *
a - a +1 hand crossbow (weapon)
The endoplasm freezes you.
You are frozen.
You die...

#. #. #. #. ##. # ######### #..
≈ #........ #.. ≈ #...@J... #..
≈≈ ##...@.... #.. ≈≈≈ #.........
#.. ≈≈≈≈ .......... #.. .≈≈≈≈≈≈
P......... #.. ≈.≈≈≈≈≈≈
≈≈≈†....... .. ≈≈≈≈≈≈≈≈≈
≈≈≈≈≈≈≈.≈.≈≈ ....≈≈≈≈≈
≈≈≈≈≈P.≈≈≈≈≈≈
...≈..≈≈≈≈≈≈≈≈≈≈≈≈≈≈≈≈≈≈≈≈≈≈≈≈≈≈
##....≈≈≈≈≈≈≈≈≈≈≈≈≈≈≈≈≈≈≈≈≈≈≈≈≈≈


You could see Jessica (fast) and an endoplasm.

Vanquished Creatures
  A worm (D:2)
  A dart slug (D:2)
  A bat (D:2)
  3 hobgoblins (D:1)
  3 jackals (D:2)
  2 ball pythons
  2 frilled lizards (D:2)
  4 goblins
  6 kobolds (D:1)
  A rat (D:2)
24 creatures vanquished.

Vanquished Creatures (others)
  7 plants (D:2)
7 creatures vanquished.

Grand Total: 31 creatures vanquished

Notes
Turn   | Place    | Note
-------+----------+-------------------------------------------
     0 | D:1      | Deminshera the Kobold Hunter began the quest for the Orb.
     0 | D:1      | Reached XP level 1. HP: 12/12 MP: 1/1
   222 | D:1      | Reached XP level 2. HP: 14/17 MP: 2/2
   320 | D:1      | Noticed a shining eye
   320 | D:1      | Noticed a floating eye
   322 | D:1      | Found a faded altar of an unknown god.
   325 | D:1      | Noticed a shining eye
   325 | D:1      | Noticed a golden eye
   763 | D:1      | Reached skill level 5 in Crossbows
  1385 | D:2      | Reached XP level 3. HP: 21/21 MP: 3/3
  1564 | D:2      | Noticed Jessica
  1571 | D:2      | HP: 1/21 [Jessica (2)]
  1572 | D:2      | Frozen to death by an endoplasm

Illustrated notes

Levels and vault maps discovered:
D:1:      ncdulo_halloftheorcs, layout_loops_ring,
          hellmonk_ecumenical_altar_watching_god
D:2:      layout_basic, chequers_big_river, uniq_jessica

Skill      XL: |  1  2 |
---------------+-------+-----
Stealth        | 2 3 |  3.0
Crossbows      | 5 |  5.6
Fighting       | |  2.1
Dodging        | |  2.4

Action                   || total
-------------------------++-------
Melee: Short sword       ||   118
 Stab: Sleeping          ||     7
Armor: Leather armour    ||    15
Dodge: Dodged            ||    92

Table legend: (Time is in decaauts)
 A = Elapsed time spent in this place.
 B = Non-inter-level travel time spent in this place.
 C = Inter-level travel time spent in this place.
 D = Time resting spent in this place.
 E = Time spent auto-exploring this place.
 F = Levels seen in this place.
 G = Mean time per level.
                   A        B        C        D        E       F      G
               +--------+--------+--------+--------+--------+-----+--------+
         Total |   1585 |   1556 |     29 |    107 |   1204 |   2 |  792.5 |
       Dungeon |   1585 |   1556 |     29 |    107 |   1204 |   2 |  792.5 |
               +--------+--------+--------+--------+--------+-----+--------+

Top non-repeatable levels by time:
     D:1: 825 daAuts
     D:2: 760 daAuts
